Map: Cactus Valley LE (Void)

Players

Serphim

  • Race: Protoss Protoss
  • Spawn Location: 5:00

Allaryce - Winner!

  • Race: Zerg Zerg
  • Spawn Location: 1:00

Event: WCS Austin 2017

VOD

Have the link to the VOD?

Description

Time

  • Played on: April 28, 2017, 2:32 p.m.
  • Length: 12:44

All games in this series

Show
View Real Time Build Order
Export as new Build Order

Serphim Protoss 

Build Orders: 1 Gate Expand 

Get SALT Encoding   

  12  0:01  Probe (Chrono Boost)  
  13  0:12  Probe (Chrono Boost)  
  14  0:18  Pylon  
  14  0:22  Probe (Chrono Boost)  
  15  0:36  Probe (Chrono Boost)  
  15  0:38  Gateway  
  16  0:47  Probe (Chrono Boost)  
  17  1:13  Nexus  
  17  1:17  Assimilator  
  17  1:29  Cybernetics Core  
  17  1:33  Probe (Chrono Boost)  
  17  1:38  Assimilator  
  18  1:45  Probe (Chrono Boost)  
  19  1:50  Pylon  
  19  1:55  Probe (Chrono Boost)  
  20  2:03  Adept  
  20  2:06  Probe (Chrono Boost)  
  23  2:09  Warp Gate  
  23  2:29  Gateway  
  24  2:35  Mothership Core (Chrono Boost)  
  25  2:37  Stalker  
  27  2:45  Probe (Chrono Boost)  
  26  3:06  Probe (Chrono Boost)  
  26  3:08  Probe (Chrono Boost)  
  26  3:09  Adept  
  30  3:17  Probe (Chrono Boost)  
  31  3:20  Probe (Chrono Boost)  
  31  3:22  Forge  
  31  3:24  Sentry  
  33  3:29  Probe (Chrono Boost)  
  33  3:33  Probe (Chrono Boost)  
  35  3:42  Probe (Chrono Boost)  
  35  3:46  Probe (Chrono Boost)  
  37  3:49  Pylon  
  37  3:52  Probe (Chrono Boost)  
  38  3:58  Probe (Chrono Boost)  
  38  4:01  Pylon  
  39  4:11  Probe (Chrono Boost)  
  39  4:12  Probe (Chrono Boost)  
  39  4:13  Protoss Ground Weapons Level 1  
  39  4:15  Adept  
  39  4:17  Adept  
  45  4:23  Pylon  
  46  4:24  Probe (Chrono Boost)  
  46  4:25  Probe (Chrono Boost)  
  47  4:35  Probe (Chrono Boost)  
  47  4:36  Probe (Chrono Boost)  
  49  4:45  Adept x2  
  49  4:58  Probe (Chrono Boost)  
  49  5:00  Probe (Chrono Boost)  
  49  5:04  Photon Cannon  
  49  5:08  Photon Cannon  
  49  5:09  Probe (Chrono Boost)  
  49  5:12  Probe (Chrono Boost)  
  51  5:19  Probe (Chrono Boost)  
  52  5:22  Robotics Facility  
  52  5:24  Probe (Chrono Boost)  
  52  5:27  Sentry  
  52  5:28  Sentry  
  57  5:33  Probe (Chrono Boost)  
  59  5:36  Assimilator, Probe (Chrono Boost)  
  59  5:47  Probe (Chrono Boost)  
  59  5:48  Probe (Chrono Boost)  
  59  5:49  Assimilator  
  61  5:51  Pylon  
  61  6:01  Probe (Chrono Boost), Gateway  
  61  6:02  Gateway  
  61  6:03  Probe (Chrono Boost)  
  63  6:13  Probe (Chrono Boost)  
  63  6:15  Probe (Chrono Boost), Photon Cannon  
  63  6:16  Observer, Adept  
  68  6:26  Robotics Bay  
  68  6:33  Probe (Chrono Boost)  
  68  6:34  Probe (Chrono Boost)  
  68  6:36  Adept x2  
  74  6:51  Pylon  
  74  6:59  Stalker x2  
  78  7:14  Gateway  
  78  7:15  Photon Cannon  
  72  7:24  Stalker x3  
  78  7:32  Extended Thermal Lance  
  78  7:34  Pylon  
  78  7:36  Pylon, Protoss Ground Armor Level 1  
  78  7:37  Pylon  
  78  7:39  Pylon  
  78  7:44  Colossus  
  78  7:54  Stalker x2  
  88  8:01  Stalker  
  90  8:06  Robotics Facility  
  90  8:31  Colossus  
  89  8:36  Stalker x5  
  105  8:53  Nexus  
  105  9:01  Observer  
  106  9:04  Pylon  
  106  9:17  Observer Gravitic Boosters  
  106  9:20  Stalker x2  
  106  9:23  Pylon  
  110  9:25  Pylon  
  110  9:29  Pylon  
  110  9:40  Colossus  
  110  9:45  Stalker x4  
  92  10:09  Stalker x2  
  92  10:10  Stalker x2  
  92  10:13  Colossus  
  90  10:26  Twilight Council  
  90  10:36  Adept  
  90  10:37  Adept x3  
  72  10:58  Stalker x4  
  72  11:11  Nexus  
  72  11:27  Stalker x4  
  80  11:34  Disruptor  
  83  11:46  Disruptor  
  86  12:00  Stalker x3  
  92  12:15  Stalker  
  94  12:36  Stalker x3  
Show
View Real Time Build Order
Export as new Build Order

Allaryce Zerg - Winner!

Build Orders: Hatch First, Muta Ling Bane 

Get SALT Encoding   

  12  0:01  Drone  
  13  0:12  Overlord  
  13  0:18  Drone  
  14  0:30  Drone  
  14  0:31  Drone  
  14  0:35  Drone  
  17  0:54  Hatchery  
  17  0:57  Drone  
  17  1:00  Drone  
  18  1:08  Drone, Extractor  
  18  1:20  Spawning Pool  
  18  1:24  Drone  
  18  1:31  Drone  
  19  1:40  Overlord  
  19  2:06  Zergling x2  
  19  2:07  Zergling x2  
  19  2:08  Queen  
  23  2:09  Metabolic Boost  
  23  2:14  Queen  
  25  2:16  Drone x2  
  25  2:19  Drone  
  25  2:21  Drone  
  29  2:29  Drone  
  30  2:33  Drone  
  31  2:39  Drone  
  31  2:43  Overlord  
  31  3:01  Hatchery  
  30  3:12  Drone x2  
  32  3:13  Drone x3  
  32  3:15  Queen  
  36  3:22  Overlord x2  
  36  3:25  Overlord  
  36  3:26  Overlord  
  36  3:40  Zergling x6  
  39  3:47  Evolution Chamber  
  39  3:48  Drone x2  
  40  3:49  Drone, Evolution Chamber  
  40  3:50  Drone, Lair  
  41  3:55  Zergling x2  
  41  3:56  Zergling x4  
  44  4:04  Drone  
  44  4:07  Drone  
  46  4:19  Extractor  
  46  4:21  Drone, Queen, Extractor x2  
  46  4:23  Drone x3  
  46  4:24  Drone x3  
  51  4:25  Drone x2  
  51  4:27  Drone  
  51  4:30  Drone  
  54  4:51  Zerg Melee Weapons Level 1  
  53  4:55  Baneling Nest  
  53  4:57  Roach Warren  
  48  5:01  Drone  
  48  5:02  Drone x2  
  48  5:05  Drone x2  
  48  5:06  Zergling x8  
  48  5:07  Zergling x6  
  60  5:15  Overseer  
  60  5:20  Drone  
  60  5:21  Drone x2  
  63  5:27  Zerg Missile Weapons Level 1  
  63  5:33  Hydralisk Den  
  62  5:46  Centrifical Hooks  
  62  5:49  Glial Reconstitution  
  62  5:51  Roach  
  62  5:52  Roach  
  66  6:01  Hydralisk x4  
  74  6:05  Overlord x2  
  74  6:06  Overlord  
  74  6:08  Overlord  
  74  6:09  Overlord x2  
  74  6:10  Overlord  
  74  6:31  Hydralisk x7  
  86  6:38  Drone x3  
  86  6:39  Drone  
  90  6:43  Drone  
  90  6:44  Drone x3  
  94  6:47  Baneling x3  
  94  6:48  Baneling x2  
  94  6:49  Baneling x2  
  94  7:03  Zerg Ground Armor Level 1  
  94  7:05  Drone x8  
  94  7:08  Extractor  
  101  7:10  Extractor  
  101  7:11  Drone x3  
  101  7:12  Drone  
  100  7:33  Roach x10  
  120  7:46  Spire  
  119  7:55  Overlord  
  119  8:01  Extractor, Hatchery  
  117  8:05  Extractor  
  117  8:12  Muscular Augments  
  116  8:13  Ravager x2  
  116  8:14  Ravager x3  
  116  8:17  Zergling x18  
  116  8:18  Zergling x12  
  136  8:23  Infestation Pit  
  136  8:26  Overseer  
  134  8:46  Zerg Melee Weapons Level 2  
  134  8:58  Mutalisk  
  134  9:00  Overlord  
  134  9:01  Overlord x2  
  136  9:06  Baneling x4  
  136  9:07  Baneling x7  
  136  9:09  Zergling x2  
  137  9:10  Overlord x5  
  137  9:14  Hive  
  137  9:19  Zerg Missile Weapons Level 2  
  137  9:22  Zergling x2  
  137  9:23  Zergling x20  
  148  9:43  Mutalisk, Corruptor x2  
  148  9:44  Mutalisk  
  155  9:47  Zergling x2  
  155  9:48  Zergling x14  
  146  10:06  Corruptor  
  146  10:07  Corruptor x3  
  112  10:22  Baneling  
  112  10:23  Baneling x15  
  112  10:27  Greater Spire  
  112  10:33  Lurker Den  
  112  10:35  Drone  
  112  10:36  Drone x3  
  112  10:37  Drone  
  112  10:38  Drone x3  
  112  10:41  Queen  
  113  10:56  Roach  
  113  10:57  Roach x7, Hydralisk  
  114  10:58  Hydralisk  
  110  11:04  Hydralisk  
  110  11:05  Hydralisk  
  114  11:16  Hydralisk  
  114  11:17  Hydralisk x4  
  124  11:30  Burrow  
  124  11:33  Infestor, Pathogen Glands  
  124  11:34  Infestor  
  124  11:38  Zergling x14  
  133  11:54  Zergling x2  
  133  11:55  Zergling x24  
  146  12:01  Baneling  
  146  12:02  Baneling x10  
  146  12:03  Baneling  
  146  12:09  Overlord x2  
  146  12:11  Overseer x2  
Tags
 
Add a new tag
Caveats
  • Supply blocks, unpowered buildings, or Contaminate may cause inaccurate times.
  • Supply counts are checked every 10 seconds.